 Dungeon Crawl Stone Soup version 0.19-a0-1225-gf887c1c (webtiles) character file.

329467 towersofbeng the Acrobat (level 21, -6/209 HPs)
             Began as a Minotaur Berserker on Aug 25, 2016.
             Was the Champion of Trog.
             Killed by divine providence
             ... invoked by a mad acolyte of Lugonu
              (12 damage)
             ... on level 4 of the Abyss.
             The game lasted 03:20:30 (50457 turns).

towersofbeng the Acrobat (Minotaur Berserker)      Turns: 50457, Time: 03:20:31

Health: -6/209     AC: 29    Str: 20      XL:     21   Next: 15%
Magic:  25/25      EV: 22    Int:  6 (7)  God:    Trog [******]
Gold:   4300       SH: 19    Dex: 23      Spells: 0 memorised, 20 levels left

rFire  + . .     SeeInvis +     D - +10 sword of Jihad {holy, *Rage rN+ EV+3}
rCold  . . .     Gourm    .     N - +2 plate armour {rF+}
rNeg   + . .     Faith    .     a - +5 shield {reflect}
rPois  +         Spirit   .     K - +2 hat
rElec  .         Dismiss  .     S - +1 cloak {rPois}
rCorr  +         Reflect  +     l - +1 pair of gloves
MR     +++..     Harm     .     p - +1 pair of boots {run}
Stlth  .......... Rnd*Rage +    h - amulet of regeneration
                                P - ring "Cubimeco" {MR+ Str-4 Dex+4 SInv}
                                m - ring of resist corrosion

@: about to teleport, heavily drained, quick
A: retaliatory headbutt, horns 2, talons 1, molten scales 2, thin skeletal
structure 1, clever 1, magic resistance 1, screaming 1, slow regeneration 1,
subdued magic 1, MP-powered wands
a: Berserk, Trog's Hand, Brothers in Arms, Burn Spellbooks, Renounce Religion
}: 1/15 runes: decaying


You were on level 4 of the Abyss.
You worshipped Trog.
Trog was exalted by your worship.
You were very hungry.

You visited 8 branches of the dungeon, and saw 34 of its levels.
You visited the Abyss 1 time.
You also visited: Sewer and Bailey.

You collected 5606 gold pieces.
You spent 1306 gold pieces at shops.

Inventory:

Hand Weapons
 d - the +4 double sword of Callousness {slice, MR+ Str-2 Stlth+}
   (Trog gifted it to you on level 1 of the Elven Halls)

   It inflicts extra damage upon your enemies.
   It affects your strength (-2).
   It affects your resistance to hostile enchantments.
   It makes you more stealthy.
 v - the +11 mace of Liwoug {venom, *Drain rElec rN+}
   (Trog gifted it to you on level 2 of the Abyss)

   It poisons the flesh of those it strikes.
   It insulates you from electricity.
   It protects you from negative energy.
   It causes draining when unequipped.
 D - the +10 sword of Jihad (weapon) {holy, *Rage rN+ EV+3}
   (You found it on level 9 of the Dungeon)

   It has been blessed by the Shining One to cause great damage to the undead
   and demons.
   It affects your evasion (+3).
   It protects you from negative energy.
   It may make you go berserk in combat.
 Q - a +6 executioner's axe of draining
Armour
 a - a +5 shield of reflection (worn)
 l - a +1 pair of gloves (worn)
 p - a +1 pair of boots of running (worn)
 C - the +6 scale mail "Riekaicka" {Dex+5}
   (You took it off a deep elf high priest on level 3 of the Elven Halls)

   It affects your dexterity (+5).
 K - a +2 hat (worn)
 N - a +2 plate armour of fire resistance (worn)
 S - a +1 cloak of poison resistance (worn)
Rods
 W - a +0 rod of shadows (10/10)
   (You found it on level 1 of the Depths)
Jewellery
 h - an amulet of regeneration (around neck)
 m - a ring of resist corrosion (left hand)
 A - an uncursed ring of protection from magic
 P - the ring "Cubimeco" (right hand) {MR+ Str-4 Dex+4 SInv}
   (You found it on level 9 of the Dungeon)

   [ring of protection from magic]

   It affects your strength (-4).
   It affects your dexterity (+4).
   It affects your resistance to hostile enchantments.
   It lets you see invisible.
 V - an uncursed ring of flight
Wands
 n - a wand of digging (2/24)
 G - a wand of polymorph (10/24)
 I - a wand of hasting (5/9)
 M - a wand of confusion (28/48)
 R - a wand of slowing (37/48)
 X - a wand of acid (0/15)
Scrolls
 e - 9 scrolls of fear
 f - a scroll of silence
 g - 6 scrolls of teleportation
 o - 2 scrolls of magic mapping
 q - a scroll of enchant armour
 r - 16 scrolls of remove curse
 E - 2 scrolls of summoning
 T - 2 scrolls of fog
 Z - 4 scrolls of recharging
Potions
 k - 12 potions of curing
 t - 3 potions of resistance
 u - a potion of magic
 w - a potion of agility
 x - 5 potions of haste
 B - 2 potions of brilliance
 F - 3 potions of might
 H - a potion of ambrosia
 J - a potion of invisibility
 Y - a potion of cancellation
Books
 b - a book of Conjurations

   Spells                             Type                      Level
   a - Magic Dart                     Conjuration                  1
   b - Searing Ray                    Conjuration                  2
   c - Dazzling Spray                 Conjuration/Hexes            3
   d - Fulminant Prism                Conjuration/Hexes            4
   e - Iskenderun's Mystic Blast      Conjuration                  4
   f - Iskenderun's Battlesphere      Conjuration/Charms           5
   Trog disapproves of the use of such an item.
 U - a book of the Earth

   Spells                             Type                      Level
   a - Leda's Liquefaction            Hexes/Earth                  4
   b - Bolt of Magma                  Conjuration/Fire/Earth       5
   c - Statue Form                    Transmutation/Earth          6
   d - Iron Shot                      Conjuration/Earth            6
   e - Shatter                        Earth                        9
   Trog disapproves of the use of such an item.
Miscellaneous
 i - the horn of Geryon
 y - a lamp of fire
Comestibles
 c - 29 bread rations
 j - 8 meat rations
 s - 40 fruits
 z - 9 slices of pizza
 L - 32 royal jellies
 O - 5 chunks of flesh


   Skills:
 + Level 22.6(20.2) Fighting
 - Level 17.0(14.8) Long Blades
 - Level 13.0(11.1) Maces & Flails
   Level 3.6(7.5) Staves
 + Level 13.5(11.5) Armour
 + Level 22.9(20.4) Dodging
 - Level 1.4(0.0) Stealth
 - Level 15.0(12.9) Shields
 + Level 7.7(5.9) Evocations


You had 20 spell levels left.
You didn't know any spells.

Dungeon Overview and Level Annotations

Branches:
Dungeon (15/15)            Temple (1/1) D:6            Lair (6/6) D:10
  Swamp (4/4) Lair:4        Snake (0/4) Lair:3        Slime (0/5) Lair:6
    Orc (2/2) D:9             Elf (3/3) Orc:2        Vaults (0/5) D:14
 Depths (2/5) D:15           Hell (1/1)                 Dis (0/7) Hell
    Geh (0/7) Hell            Coc (0/7) Hell            Tar (0/7) Hell

Altars:
Ashenzari
Fedhas
Nemelex Xobeh
Ru
Uskayaw
Zin
The Shining One
Beogh
Jiyva

Shops:
D:6 [   Orc:1 !   Orc:2 *%}**

Portals:
Hell: Depths:1 Depths:2
Abyss: Depths:2
Ziggurat: Depths:1
Trove: D:15 (give 2 scrolls of acquirement)

Annotations:
Depths:1 exclusion: orange crystal statue


Innate Abilities, Weirdness & Mutations

You reflexively headbutt those who attack you in melee.
You have a pair of horns on your head.
You have sharp toenails.
You are mostly covered in molten scales. (AC +3)
You have a somewhat thin skeletal structure. (Dex +2, Stealth)
Your mind is acute. (Int +2)
You are resistant to hostile enchantments. (MR+)
You occasionally shout uncontrollably at your foes.
You regenerate slowly when monsters are visible.
Your spells are a little easier to cast, but a little less powerful.
You expend magic power (3 MP) to strengthen your wands.


Message History

Unknown command.
You slice the eldritch tentacle!!
You headbutt the eldritch tentacle, but do no damage.
The eldritch tentacle is almost destroyed.
The blink frog blinks!
The mad acolyte of Lugonu mumbles some strange words.
The mad acolyte of Lugonu blinks!
Unknown command.
Okay, then.
Okay, then.
It would have no effect in this place.
As you read the scroll of teleportation, it crumbles to dust.
You feel strangely unstable.
You feel the power of the Abyss delaying your translocation!
You feel less exhausted.
The eldritch tentacle closely misses you.
The eldritch tentacle misses you.
The blink frog blinks!
The mad acolyte of Lugonu casts a spell at you.
Something smites you!
You die...

## # ##φ##
##
#p##.#.##p
#≈X###'≈
##.X.X.##
#≈.#.#§≈#
#..§@.##
#≈..*w.≈#
##.p.§.##
##F≈≈≈.##
#≈†≈m≈.≈#
#..#≈#.##
#.......#
#..#≈#..#
+##### +


You could see a starcursed mass, 2 tentacled monstrosities, an eldritch
tentacle, a merfolk avatar, 3 mad acolytes of Lugonu and a blink frog.

Vanquished Creatures
  Bai Suzhen (Swamp:3)
  Geryon (Hell)
  2 bone dragons
  3 liches
  A tentacled monstrosity (Swamp:4)
  2 deep elf blademasters (Elf:3)
  Gastronok (Lair:3)
  6 tentacled starspawn
  A revenant (Depths:2)
  2 tengu reavers
  3 thorn hunters
  Kirke (Elf:1)
  Donald (Orc:2)
  2 deep elf sorcerers (Elf:3)
  2 fire giants
  3 frost giants (Depths:1)
  An emperor scorpion (shapeshifter) (Abyss:1)
  A balrug (Abyss:3)
  6 deep elf elementalists (Elf:3)
  8 very ugly things
  Louise (Swamp:3)
  5 stone giants
  A spriggan defender (Depths:1)
  2 reapers
  2 caustic shrike skeletons
  A vampire knight (Depths:2)
  A war gargoyle (Hell)
  Nessos (Lair:4)
  3 deep elf demonologists
  9 deep elf annihilators (Elf:3)
  2 lorocyprocas
  7 crystal guardians (Elf:3)
  5 fire dragons
  2 deep elf death magi (Elf:3)
  2 green deaths
  Snorg (Lair:6)
  4 ettins
  2 yaktaur captains (Depths:1)
  6 deep elf high priests
  2 great orbs of eyes
  A quicksilver dragon skeleton (Abyss:1)
  3 ice dragons
  3 rakshasas
  5 spriggan air magi
  2 hell beasts
  A naga warrior (Abyss:3)
  4 vault guards
  19 hydras
  6 centaur warriors
  2 death knights
  3 ghost crabs
  6 ogre magi
  2 catoblepae (Lair:6)
  The ghost of towersofbeng the Protected, a novice MiGl of Trog (D:8)
  5 tengu warriors
  A deep troll shaman (Depths:1)
  8 death yaks
  A deep troll earth mage (Depths:1)
  3 hell hogs
  9 alligators
  36 dancing weapons
  3 orc high priests
  A vampire mage (D:15)
  7 thrashing horrors
  Urug (D:12)
  Nergalle (Orc:1)
  14 small abominations
  17 deep elf knights
  5 sun demons
  5 hell knights
  2 wretched stars (Abyss:1)
  An iron troll (Depths:1)
  2 iron golems (Hell)
  3 soul eaters (Hell)
  2 skeletal warriors (D:15)
  A sea snake (shapeshifter) (Depths:1)
  3 spatial maelstroms
  A sixfirhy (Abyss:2)
  A fire crab (D:14)
  5 deep trolls
  3 giant orange brains
  12 unseen horrors
  A quicksilver dragon simulacrum (Abyss:3)
  A kraken simulacrum (Hell)
  12 deep elf archers
  2 shambling mangroves
  A sphinx zombie (D:15)
  11 hill giants
  Pikel (D:8)
  An orc knight (Orc:1)
  3 wolf spider zombies
  4 swamp dragons
  A phantasmal warrior (D:15)
  3 necromancers
  4 orc sorcerers
  An iron dragon zombie (Depths:2)
  26 ugly things
  54 deep elf magi
  A sphinx skeleton (Depths:2)
  3 hornets (Swamp:3)
  A salamander (shapeshifter) (Abyss:3)
  A manticore (D:15)
  2 worldbinders (Abyss:2)
  A frost giant zombie (D:15)
  6 cyclopes
  3 oklob plants
  Maurice (D:9)
  4 griffons
  A salamander (Abyss:3)
  3 rust devils
  3 black mambas
  22 elephants
  A molten gargoyle (Hell)
  A stone giant skeleton (D:15)
  2 centaur zombies
  A fire giant skeleton (Abyss:3)
  A guardian serpent (Abyss:3)
  A gargoyle (D:12)
  5 orange demons
  14 spiny frogs
  4 smoke demons
  A freezing wraith (D:15)
  7 rime drakes (Lair:6)
  A rime drake (shapeshifter) (Depths:1)
  2 yaktaurs
  9 centaur skeletons
  2 kobold demonologists
  3 efreet
  6 ice devils (Hell)
  2 hellions
  An anaconda simulacrum (Hell)
  A tormentor (Depths:1)
  8 komodo dragons
  2 hydra zombies (Hell)
  2 hellwings (Abyss:1)
  12 trolls
  2 red devils (Abyss:3)
  A tengu conjurer (Depths:1)
  A troll (shapeshifter) (Depths:2)
  8 polar bears (Lair:6)
  5 ancient zymes (Abyss:3)
  2 queen bees
  13 two-headed ogres
  32 slime creatures
  5 giant leeches
  3 meliai (D:15)
  18 raiju
  28 blink frogs
  A hydra skeleton (Abyss:1)
  An ettin zombie (Abyss:2)
  Grinder (D:2)
  12 bog bodies
  8 air elementals
  A flying skull (Abyss:1)
  14 starcursed masses
  4 shadows
  6 wraiths
  2 alligator skeletons (Hell)
  A redback (shapeshifter) (D:15)
  2 wyverns
  2 vampires
  A ynoxinul (Abyss:2)
  7 water elementals
  4 spriggans
  10 large abominations
  22 yaks
  Eustachio (D:4)
  4 golden eyes (Abyss:3)
  Grum (Lair:1)
  4 basilisks
  A human (D:10)
  8 fire elementals
  7 vampire mosquitoes
  A hungry ghost (D:10)
  A mottled dragon (D:14)
  4 chaos spawn
  2 neqoxecs
  10 hippogriffs
  2 spatial vortices (Abyss:3)
  13 insubstantial wisps
  4 nagas (Lair:3)
  A soldier ant (D:12)
  8 hell hounds
  14 swamp worms
  15 water moccasins
  11 wargs
  6 porcupines
  A spiny frog zombie (Hell)
  27 orc warriors
  7 swamp drakes
  3 ice beasts
  3 sky beasts
  A phantom (D:10)
  A necrophage (D:11)
  33 ogres
  13 black bears
  10 wasps
  23 wolves
  20 centaurs
  12 crocodiles
  4 big kobolds
  13 giant frogs
  An earth elemental (Elf:1)
  A wyvern zombie (D:12)
  A spiny frog simulacrum (Hell)
  6 scorpions
  61 killer bees
  19 wights
  3 howler monkeys
  2 electric eels
  8 crimson imps
  25 hounds
  3 quasits
  10 jellies
  26 orc priests
  2 giant frog skeletons
  3 iron imps
  Jessica (D:3)
  27 orc wizards
  2 hell rats (Hell)
  13 iguanas
  Natasha (D:3)
  7 worker ants
  39 sheep
  A hound zombie (D:7)
  2 hound skeletons
  2 worker ant zombies
  Robin (D:3)
  22 adders
  10 gnolls
  55 river rats
  5 shadow imps
  6 white imps
  3 ufetubi
  20 oozes
  3 adder skeletons
  2 adder zombies (D:6)
  3 worms
  3 dart slugs
  A giant gecko (shapeshifter) (D:15)
  11 giant geckos
  102 orcs
  4 bats
  21 giant cockroaches
  17 goblins
  7 hobgoblins
  17 jackals
  8 quokkas
  14 ball pythons
  11 giant newts
  A jackal zombie (D:6)
  32 kobolds
  A quokka skeleton (D:5)
  7 rats
  3 briar patches
  A butterfly (Lair:2)
  A crawling corpse (Depths:1)
  A fungus (Lair:6)
  A lurking horror (Abyss:3)
  5 starspawn tentacles (Abyss:3)
  2 withered plants (D:15)
1758 creatures vanquished.

Vanquished Creatures (collateral kills)
  A war gargoyle (Hell)
  A reaper (Hell)
  A sun demon (Hell)
  A soul eater (Hell)
  A shadow dragon zombie (Hell)
  A necromancer (Hell)
  A smoke demon (Hell)
  6 rust devils (Hell)
  An ice devil (Hell)
  A harpy skeleton (Hell)
  An alligator zombie (Hell)
  A hell hound (Hell)
  A spiny frog skeleton (Hell)
  A swamp dragon skeleton (Hell)
  A crimson imp (Hell)
  A hound (D:14)
  2 hell rats (Hell)
23 creatures vanquished.

Vanquished Creatures (others)
  A tentacled starspawn (Abyss:3)
  A deep elf annihilator (Elf:3)
  A green death (Swamp:4)
  Fannar (D:11)
  A yaktaur captain (Depths:1)
  A hell hog (Hell)
  A deep elf knight (Elf:3)
  A manticore (D:13)
  A slime creature (Swamp:4)
  4 small abominations (Abyss:3)
  3 humans (Elf:1)
  A sky beast (D:14)
  A black bear (Lair:6)
  A slave (D:8)
  3 centaurs
  2 giant frogs (D:8)
  A gnoll sergeant (D:8)
  An orc wizard (Orc:1)
  3 gnolls (D:8)
  An ooze (D:8)
  An orc (Orc:1)
  A giant cockroach (D:8)
  5 kobolds
  A crawling corpse (Depths:1)
  12 fungi
  11 plants
  13 starspawn tentacles
  4 tentacles (Hell)
  7 toadstools (Swamp:2)
  4 withered plants (D:15)
89 creatures vanquished.

Grand Total: 1870 creatures vanquished

Notes
Turn   | Place    | Note
-------+----------+-------------------------------------------
     0 | D:1      | towersofbeng the Minotaur Berserker began the quest for the Orb.
     0 | D:1      | Reached XP level 1. HP: 19/19 MP: 0/0
   502 | D:1      | Reached XP level 2. HP: 25/27 MP: 1/1
  1310 | D:2      | Reached XP level 3. HP: 33/33 MP: 2/2
  1322 | D:2      | Found a glowing golden altar of the Shining One.
  1666 | D:3      | Found a hide-covered altar of Uskayaw.
  1666 | D:3      | Noticed Grinder
  1667 | D:3      | Paralysed by Grinder for 5 turns
  1680 | D:2      | Killed Grinder
  1680 | D:2      | Reached skill level 5 in Fighting
  1680 | D:2      | Reached skill level 1 in Stealth
  1680 | D:2      | Reached XP level 4. HP: 12/42 MP: 3/3
  1680 | D:2      | Reached XP level 5. HP: 14/48 MP: 4/4
  2137 | D:3      | Noticed Jessica
  2140 | D:3      | Noticed Robin
  2142 | D:3      | Killed Jessica
  2142 | D:3      | Reached ** piety under Trog
  2142 | D:3      | Reached XP level 6. HP: 56/56 MP: 5/5
  2161 | D:3      | Killed Robin
  2285 | D:3      | Noticed Natasha
  2288 | D:3      | Killed Natasha
  2461 | D:4      | Noticed Eustachio
  2480 | D:4      | Killed Eustachio
  2515 | D:4      | Reached XP level 7. HP: 28/63 MP: 6/6
  2849 | D:4      | Found a glowing drain.
  2867 | Sewer    | Entered a sewer
  2977 | Sewer    | Reached *** piety under Trog
  3040 | Sewer    | Reached skill level 5 in Maces & Flails
  3221 | Sewer    | Reached **** piety under Trog
  3444 | D:4      | Reached skill level 5 in Dodging
  3614 | D:5      | Entered Level 5 of the Dungeon
  3685 | D:5      | Reached XP level 8. HP: 70/71 MP: 7/7
  4232 | D:6      | Reached skill level 5 in Armour
  4922 | D:6      | Found a staircase to the Ecumenical Temple.
  5045 | D:6      | Found Xuicotio's Antique Armour Shoppe.
  5050 | D:6      | Bought a black opal-encrusted leather armour for 189 gold pieces
  5050 | D:6      | Bought a large shield for 121 gold pieces
  5060 | D:6      | Identified the cursed +0 leather armour of Lodwock {*Confuse rPois SInv} (You bought it in a shop on level 6 of the Dungeon)
  5222 | D:7      | Reached ***** piety under Trog
  5236 | D:7      | Found a shattered altar of Ashenzari.
  5249 | D:7      | Found a sparkling altar of Nemelex Xobeh.
  5312 | D:7      | Reached skill level 1 in Shields
  5312 | D:7      | Reached XP level 9. HP: 68/81 MP: 8/8
  5511 | D:7      | Got a scorched ring mail
  5512 | D:7      | Identified the +1 ring mail "Aghufil" {+Inv rN+ Regen+ Slay-5} (You found it on level 7 of the Dungeon)
  5590 | D:7      | Found a sacrificial altar of Ru.
  5829 | D:7      | Found a blossoming altar of Fedhas.
  6278 | D:8      | Noticed towersofbeng's ghost (novice MiGl)
  6287 | D:8      | Killed towersofbeng's ghost
  6613 | D:8      | Gained mutation: Your magical capacity is low. (-10% MP) [potion of mutation]
  6613 | D:8      | Gained mutation: You have sharp toenails. [potion of mutation]
  6613 | D:8      | Gained mutation: You are resistant to hostile enchantments. (MR+) [potion of mutation]
  6677 | D:8      | Noticed an oklob plant
  6821 | D:8      | Noticed Pikel
  6830 | D:8      | Killed Pikel
  6830 | D:8      | Reached XP level 10. HP: 69/90 MP: 8/8
  6943 | D:8      | Reached skill level 10 in Maces & Flails
  6943 | D:8      | Reached skill level 5 in Shields
  6957 | D:8      | Received a gift from Trog
  7241 | D:8      | Killed an oklob plant
  7691 | D:9      | Got a faintly glowing gossamer ring
  7704 | D:9      | Identified the ring "Cubimeco" {MR+ Str-4 Dex+4 SInv} (You found it on level 9 of the Dungeon)
  7933 | D:9      | Found a staircase to the Orcish Mines.
  7946 | D:9      | Found a roughly hewn altar of Beogh.
  8448 | D:9      | Found a roughly hewn altar of Beogh.
  8549 | D:9      | Noticed Maurice
  8572 | D:9      | Killed Maurice
  8758 | D:9      | Reached skill level 10 in Fighting
  8770 | D:9      | Found a glowing silver altar of Zin.
  8867 | D:10     | Entered Level 10 of the Dungeon
  8874 | D:10     | Found a staircase to the Lair.
  8875 | D:10     | Received a gift from Trog
  8901 | D:10     | Reached XP level 11. HP: 95/99 MP: 4/8
  9381 | D:10     | Noticed a hill giant
  9394 | D:10     | Killed a hill giant
 10036 | D:11     | Reached skill level 10 in Dodging
 10057 | D:11     | Noticed a hill giant
 10098 | D:11     | Killed a hill giant
 10275 | D:11     | Noticed a red ugly thing
 10295 | D:11     | Killed a red ugly thing
 10295 | D:11     | Reached skill level 1 in Evocations
 10564 | D:11     | Received a gift from Trog
 10712 | D:11     | Noticed Fannar
 10736 | D:11     | Killed Fannar
 11023 | D:11     | Reached XP level 12. HP: 40/108 MP: 11/11
 11546 | D:11     | Reached ****** piety under Trog
 11710 | D:12     | Found a flagged portal.
 11730 | Bailey   | Entered a bailey
 11807 | Bailey   | Received a gift from Trog
 11821 | Bailey   | Found a burning altar of Makhleb.
 11858 | Bailey   | Got a colourful robe
 12014 | D:12     | Upgraded the game from 0.19-a0-1224-g978f909 to 0.19-a0-1225-gf887c1c
 12448 | Temple   | Entered the Ecumenical Temple
 12453 | Temple   | Identified the +1 robe of Opneast {rPois Str+4} (You found it in a bailey)
 12505 | D:6      | You fall through a shaft for 3 floors!
 12553 | Lair:1   | Entered Level 1 of the Lair of Beasts
 12565 | Lair:1   | Noticed Grum
 12577 | Lair:1   | Reached skill level 1 in Long Blades
 12586 | Lair:1   | Killed Grum
 12586 | Lair:1   | Reached skill level 10 in Shields
 13363 | Lair:1   | Noticed a six-headed hydra
 13380 | Lair:1   | Killed a six-headed hydra
 13612 | Lair:2   | Gained mutation: You are agile. (Dex +2) [potion of mutation]
 13612 | Lair:2   | Gained mutation: You have a somewhat thin skeletal structure. (Dex +2, Stealth) [potion of mutation]
 13612 | Lair:2   | Gained mutation: You expend magic power (3 MP) to strengthen your wands. [potion of mutation]
 13613 | Lair:2   | Gained mutation: You are partially covered in molten scales. (AC +2) [potion of mutation]
 13759 | Lair:2   | Noticed a four-headed hydra
 13772 | Lair:2   | Killed a four-headed hydra
 13999 | Lair:2   | Noticed a five-headed hydra
 14006 | Lair:2   | Killed a five-headed hydra
 14320 | Lair:3   | Got a crude ring mail
 14321 | Lair:3   | Identified the cursed +0 ring mail of Indecent Exposure {MR+ Str+2} (You found it on level 3 of the Lair of Beasts)
 14325 | Lair:3   | Noticed Gastronok
 14343 | Lair:3   | Killed Gastronok
 14343 | Lair:3   | Reached skill level 5 in Evocations
 14343 | Lair:3   | Reached XP level 13. HP: 116/116 MP: 14/14
 14597 | Lair:2   | Received a gift from Trog
 15164 | Lair:3   | Found a staircase to the Snake Pit.
 15506 | Lair:3   | Received a gift from Trog
 16216 | Lair:4   | Reached skill level 5 in Long Blades
 16400 | Lair:4   | Found a staircase to the Swamp.
 16509 | Lair:4   | Noticed Nessos
 16524 | Lair:4   | Killed Nessos
 17107 | Lair:5   | Noticed Snorg
 17115 | Lair:6   | Entered Level 6 of the Lair of Beasts
 17161 | Lair:6   | Killed Snorg
 17175 | Lair:6   | Received a gift from Trog
 17916 | Lair:6   | Reached XP level 14. HP: 109/126 MP: 15/15
 18126 | Lair:6   | Found a staircase to the Slime Pits.
 18128 | Lair:6   | Found a viscous altar of Jiyva.
 18605 | Lair:6   | Received a gift from Trog
 19619 | Lair:6   | Identified the +6 shortbow "Deogoas" {flame, +Fly rC+++ Int-4 Dex-5} (You found it on level 6 of the Lair of Beasts)
 20612 | Lair:6   | Received a gift from Trog
 20855 | Lair:6   | Gained mutation: Your mind is acute. (Int +2) [potion of mutation]
 20855 | Lair:6   | Lost mutation: You are agile. (Dex +2) [potion of mutation]
 21347 | Orc:1    | Entered Level 1 of the Orcish Mines
 21516 | Orc:1    | Noticed Nergalle
 21527 | Orc:1    | Killed Nergalle
 21762 | Orc:1    | Found Liosauna's Distillery.
 21765 | Orc:1    | Bought a potion of lignification for 45 gold pieces
 21765 | Orc:1    | Bought a potion of invisibility for 120 gold pieces
 22134 | Orc:2    | Entered Level 2 of the Orcish Mines
 22134 | Orc:2    | Found a staircase to the Elven Halls.
 22274 | Orc:2    | Found Daskipn's Assorted Antiques.
 22284 | Orc:2    | Bought a viscous black potion for 19 gold pieces
 22284 | Orc:2    | Bought a scroll labeled QIRGHAF HERCHOHA for 22 gold pieces
 22284 | Orc:2    | Bought a scroll labeled OSMEDADW PAYCS for 22 gold pieces
 22285 | Orc:2    | Gained mutation: You are mostly covered in molten scales. (AC +3) [potion of beneficial mutation]
 22291 | Orc:2    | Found a roughly hewn altar of Beogh.
 22326 | Orc:1    | Reached XP level 15. HP: 122/135 MP: 17/17
 22416 | Orc:2    | Noticed Donald
 22439 | Orc:2    | Killed Donald
 22478 | Orc:2    | Received a gift from Trog
 22501 | Orc:2    | Reached skill level 15 in Shields
 23148 | Orc:2    | Reached skill level 15 in Dodging
 23315 | Orc:2    | Found Ehasedd's Gadget Shop.
 23704 | Orc:2    | Found Wosankyt's Assorted Antiques.
 23709 | Orc:2    | Found Qouh's Food Shoppe.
 23717 | Orc:2    | Found Joevvepy's General Store.
 23750 | Orc:2    | Bought a wand of hasting (4/9) for 768 gold pieces
 24296 | D:12     | Noticed Urug
 24306 | D:12     | Killed Urug
 24800 | D:12     | Received a gift from Trog
 25412 | D:13     | Gained mutation: Your spells are a little easier to cast, but a little less powerful. [a neqoxec]
 26513 | D:14     | Reached skill level 10 in Long Blades
 27021 | D:14     | Found a gate to the Vaults.
 27267 | D:15     | Entered Level 15 of the Dungeon
 27272 | D:15     | Found a portal to a secret trove of treasure.
 27506 | D:15     | Reached XP level 16. HP: 64/146 MP: 18/18
 27720 | D:15     | Found a staircase to the Depths.
 27893 | D:15     | Identified a +1 pair of boots of running (You found it on level 15 of the Dungeon)
 27998 | D:15     | Found a sacrificial altar of Ru.
 28062 | D:15     | Received a gift from Trog
 28909 | Swamp:1  | Entered Level 1 of the Swamp
 29152 | Swamp:1  | Noticed a thorn hunter
 29164 | Swamp:1  | Killed a thorn hunter
 29868 | Swamp:2  | Noticed a thorn hunter
 29881 | Swamp:2  | Killed a thorn hunter
 29881 | Swamp:2  | Reached skill level 15 in Fighting
 30261 | Swamp:2  | Lost mutation: Your magical capacity is low. (-10% MP) [potion of mutation]
 30261 | Swamp:2  | Gained mutation: You occasionally shout uncontrollably at your foes. [potion of mutation]
 30633 | Swamp:3  | Received a gift from Trog
 30648 | Swamp:3  | Noticed Bai Suzhen
 30674 | Swamp:3  | Killed Bai Suzhen
 30674 | Swamp:3  | Reached skill level 10 in Armour
 30720 | Swamp:3  | Identified the +6 short sword of Roelionost {pierce, rF+ rN+} (You found it on level 3 of the Swamp)
 31294 | Swamp:3  | Noticed a thorn hunter
 31304 | Swamp:3  | Killed a thorn hunter
 31405 | Swamp:3  | Noticed Louise
 31430 | Swamp:3  | Killed Louise
 32157 | Swamp:4  | Entered Level 4 of the Swamp
 32510 | Swamp:4  | Received a gift from Trog
 32514 | Swamp:4  | Reached XP level 17. HP: 129/158 MP: 21/21
 33388 | Swamp:4  | Noticed a tentacled monstrosity
 33398 | Swamp:4  | Killed a tentacled monstrosity
 33493 | Swamp:4  | Got a decaying rune of Zot
 34147 | Depths:1 | Entered Level 1 of the Depths
 34997 | Elf:1    | Entered Level 1 of the Elven Halls
 35051 | Elf:1    | Received a gift from Trog
 35055 | Elf:1    | Got a fine double sword {god gift}
 35056 | Elf:1    | Identified the +4 double sword of Callousness {slice, MR+ Str-2 Stlth+} (Trog gifted it to you on level 1 of the Elven Halls)
 35603 | Elf:1    | Noticed Kirke
 35611 | Elf:1    | Killed Kirke
 36525 | Elf:2    | Gained mutation: You are frail. (-10% HP) [a neqoxec]
 36679 | Elf:2    | Found a runed gate.
 36679 | Elf:2    | Found a runed gate.
 36679 | Elf:2    | Found a runed gate.
 36758 | Elf:2    | Reached XP level 18. HP: 153/153 MP: 22/22
 36841 | Elf:2    | Received a gift from Trog
 37093 | Elf:2    | Received a gift from Trog
 38467 | Elf:3    | Entered Level 3 of the Elven Halls
 39589 | Elf:3    | Received a gift from Trog
 39950 | Elf:3    | HP: 1/154 [crystal guardian/crystal bolt (45)]
 40391 | Elf:3    | Got a steaming short sword {holy}
 40392 | Elf:3    | Identified the +7 short sword of Conservatism {holy, +Fly rC+ Int-5 Dex+3} (You took it off a deep elf elementalist on level 3 of the Elven Halls)
 40531 | Elf:3    | Reached skill level 15 in Long Blades
 40549 | Elf:3    | Got a coiled platinum ring
 40620 | Elf:3    | Identified the cursed ring "Xiogrext" {*Drain rElec AC-2 Int+9 Dex-3} (You took it off a deep elf sorcerer on level 3 of the Elven Halls)
 41400 | Elf:3    | Got a brightly glowing leather armour
 41506 | Elf:3    | Got an iridescent spear {flame}
 41704 | Elf:3    | Reached XP level 19. HP: 134/162 MP: 23/23
 41707 | Elf:3    | Got a transparent mace {drain}
 41757 | Elf:3    | Got an amber-studded scale mail
 41819 | Elf:3    | Identified the +6 scale mail "Riekaicka" {Dex+5} (You took it off a deep elf high priest on level 3 of the Elven Halls)
 41868 | Elf:3    | Identified Vehumet's Incunabulum of Conjuration
 41912 | Elf:3    | Identified Pogoghei's Volume of Flight
 41945 | Elf:3    | Identified the Almanac of Flames and Calling
 42071 | Elf:3    | Identified the +8 spear "Havuheb" {flame, SInv Stlth+} (You took it off a deep elf high priest on level 3 of the Elven Halls)
 42072 | Elf:3    | Identified the +4 mace "Kosidog" {drain, *Drain +Inv rPois SInv} (You took it off a deep elf death mage on level 3 of the Elven Halls)
 42087 | Elf:3    | Identified the +0 leather armour "Lumozae" {MR++ Str+4 Int-4} (You took it off a deep elf annihilator on level 3 of the Elven Halls)
 43270 | Elf:3    | Received a gift from Trog
 44625 | Depths:1 | Identified Gaecat's Collected Works on the Unstable Mountains
 44959 | Depths:1 | Received a gift from Trog
 45039 | Depths:1 | Found a gateway to a ziggurat.
 45270 | Depths:1 | Found a gateway to Hell.
 45320 | Depths:1 | Gained mutation: You regenerate slowly when monsters are visible. [potion of mutation]
 45320 | Depths:1 | Lost mutation: You are frail. (-10% HP) [potion of mutation]
 45568 | Depths:1 | You fall through a shaft!
 45840 | Depths:1 | Identified a +0 rod of shadows (10/10) (You found it on level 1 of the Depths)
 46643 | Depths:2 | Found a one-way gate to the infinite horrors of the Abyss.
 46648 | Depths:2 | Noticed a Tzitzimitl
 47104 | Depths:2 | Reached XP level 20. HP: 186/193 MP: 20/24
 47231 | Hell     | Entered the Vestibule of Hell
 47231 | Hell     | Noticed Geryon
 47234 | Hell     | Received a gift from Trog
 47278 | Hell     | Killed Geryon
 47810 | Hell     | Found a gateway to the ashen valley of Gehenna.
 47921 | Hell     | Found a gateway to the decaying netherworld of Tartarus.
 47978 | Hell     | Found a gateway to the freezing wastes of Cocytus.
 47992 | Hell     | Received a gift from Trog
 48076 | Hell     | Found a gateway to the Iron City of Dis.
 48213 | Depths:2 | Voluntarily entered the Abyss.
 48251 | Abyss:1  | Found a snail-covered altar of Cheibriados.
 48606 | Abyss:1  | Found a corrupted altar of Lugonu.
 48767 | Abyss:1  | Noticed a bone dragon
 48781 | Abyss:1  | Killed a bone dragon
 48909 | Abyss:1  | Noticed a bone dragon
 49209 | Abyss:2  | HP: 8/198 [large abomination (10)]
 49213 | Abyss:2  | HP: 2/198 [large abomination (9)]
 49451 | Abyss:2  | Received a gift from Trog
 49457 | Abyss:2  | Got a crystal mace {god gift}
 49966 | Abyss:3  | Paralysed by accursed screaming for 1 turns
 50120 | Abyss:3  | Noticed a bone dragon
 50141 | Abyss:3  | Killed a bone dragon
 50141 | Abyss:3  | Reached XP level 21. HP: 30/209 MP: 25/25
 50344 | Abyss:3  | Identified the +11 mace of Liwoug {venom, *Drain rElec rN+} (Trog gifted it to you on level 2 of the Abyss)
 50442 | Abyss:4  | Found a corrupted altar of Lugonu.
 50454 | Abyss:4  | HP: 5/209 [mad acolyte of Lugonu/divine providence (13)]
 50457 | Abyss:4  | Killed from afar by a mad acolyte of Lugonu

Vault maps used:
D:1:      dpeg_arrival_rooms_with_view, roderic_ancient_swastika, minivault_19
D:2:      marbit_many_paths
D:3:      eat_drink_and_be_merry_uskayaw, minmay_crystal_room,
          grunt_ministairs_9, uniq_natasha, uniq_robin, uniq_jessica,
          uniq_grinder
D:4:      minmay_door_path, portal_sewer_entry_e, uniq_eustachio
D:5:      first_bread
D:6:      serial_shops, kennysheep_little_box
D:7:      nicolae_overflow_quartered_altars, serial_bayou_crossing
D:8:      lemuel_slime, special_room, uniq_pikel
D:9:      nicolae_overflow_hidden_temple, minmay_orc_entry_temple_small,
          david_defended_altar_orc, uniq_maurice
D:10:     minmay_lair_entry_lava, special_room, grunt_pizzeria
D:11:     regret_index_bee_streams, uniq_fannar
D:12:     hourglass_vault, enter_bailey_3, uniq_urug
D:14:     david_vaults_5, fountainhead
D:15:     gammafunk_depths_entry_grave, basic_altar, enter_trove_0
Temple:   minmay_temple_curvy_branch
Lair:1:   special_room, hangedman_lair_unloving_vines, uniq_grum
Lair:2:   dpeg_oklob_gauntlet, beast_lair_carwin_10, grunt_megastairs_3,
          lemuel_fruit_tree, lemuel_fruit_fields
Lair:3:   minmay_snake_entry_guardpost_medium, uniq_gastronok
Lair:4:   minmay_swamp_entry_worms, wad_woods_03, grunt_megastairs_1,
          uniq_nessos
Lair:5:   bobbens_ice_dragon_lair, uniq_snorg
Lair:6:   hangedman_lair_caniforms_friends, hangedman_lair_in_review,
          slime_altar_1, nicolae_quartered_pool_medium, minmay_lair_drake_nest
Swamp:1:  evilmike_swamp_ruin_house_1, infiniplex_staircase_pool
Swamp:2:  cheibrodos_swamp_tower_of_moss, serial_swamp_ruin,
          evilmike_swamp_ruin_house_5, evilmike_swamp_ruin_house_3, swamp_pool1
Swamp:3:  evilmike_swamp_ruin_house_6, swamp_pool4, uniq_bai_suzhen, uniq_louise
Swamp:4:  swamp_vile
Orc:1:    serial_shops, nicolae_shop_behind_doors, uniq_nergalle
Orc:2:    st_orc_open, serial_shops, nicolae_shop_statue_plus, basic_altar,
          uniq_donald
Elf:1:    eino_elf_arrival_the_gate, hangedman_corner_corridor, uniq_kirke
Elf:2:    nrook_loot_triangle
Elf:3:    minmay_elf_hall_golems
Depths:1: enter_ziggurat_f, minmay_misc_feat_enclosed, hell_entry,
          minmay_item_behind_shaft, minivault_15, spider_trap,
          minmay_the_grid_3x2, firewood_loft
Depths:2: grated_community_mu, serial_glass, glass_columns_b, glass_columns_a,
          item_on_display_a, due_unseen_surprise,
          nicolae_abyss_entry_one_way_or_another, hell_entry,
          serial_sigils_hangedman_stare
Abyss:3:  small_statue_intersection
Abyss:4:  evilmike_abyss_rune_siren_acolytes
Sewer:    sewer_frog_island_02
Bailey:   bailey_axe_3, bailey

Skill      XL: |  1  2  3  4  5  6  7  8  9 10 11 12 13 14 15 16 17 18 19 20 |
---------------+-------------------------------------------------------------+-----
Fighting       | 4 5 6 7 8 10 11 12 13 14 16 17 18 20 22 | 22.6
Maces & Flails | 4 6 8 9 11 12 13 | 13.0
Staves         | 2 3 |  3.6
Dodging        | 3 4 5 6 7 9 10 11 12 14 17 19 20 21 22 | 22.9
Stealth        | 1 |  1.4
Armour         | 3 4 5 6 7 8 9 10 11 13 | 13.5
Shields        | 1 4 6 9 11 13 14 15 | 15.0
Evocations     | 2 5 6 7 |  7.7
Long Blades    | 3 6 8 11 12 13 15 17 | 17.0

Action                   |  1- 3 |  4- 6 |  7- 9 | 10-12 | 13-15 | 16-18 | 19-21 || total
-------------------------+-------+-------+-------+-------+-------+-------+-------++-------
Melee: Mace              |    26 |       |       |       |       |       |    25 ||    51
       Headbutt          |     7 |    11 |    42 |   246 |   558 |   473 |   466 ||  1803
       Quarterstaff      |    11 |    59 |       |       |       |       |       ||    70
       Flail             |       |    22 |   356 |    30 |       |       |       ||   408
       Kick              |       |       |     9 |   395 |   820 |       |       ||  1224
       Morningstar       |       |       |       |  1147 |  1629 |       |       ||  2776
       Eudemon blade     |       |       |       |       |   190 |   272 |   928 ||  1390
       Demon whip        |       |       |       |       |       |   594 |       ||   594
       Double sword      |       |       |       |       |       |   780 |   389 ||  1169
       Executioner's axe |       |       |       |       |       |       |     9 ||     9
Invok: Berserk           |     1 |     1 |     2 |     7 |    11 |     5 |     1 ||    28
       Trog's Hand       |       |       |       |       |       |     1 |       ||     1
       Brothers in Arms  |       |       |       |       |       |       |     3 ||     3
 Abil: Evoke Flight      |       |       |       |       |       |     4 |       ||     4
Evoke: Wand              |       |       |       |     4 |     2 |     5 |     6 ||    17
  Use: Potion            |     1 |       |     5 |     7 |     2 |    10 |     7 ||    32
       Scroll            |       |       |    10 |     7 |    22 |    16 |    11 ||    66
 Stab: Sleeping          |       |       |     2 |     4 |     7 |     6 |     1 ||    20
       Distracted        |       |       |       |     1 |     1 |     2 |     1 ||     5
  Eat: Chunk             |     2 |     4 |    20 |    24 |    49 |    20 |    15 ||   134
       Beef jerky        |       |     1 |       |     2 |     2 |     1 |     2 ||     8
       Pizza             |       |       |       |     1 |       |       |     4 ||     5
       Royal jelly       |       |       |       |       |     1 |     1 |       ||     2
       Meat ration       |       |       |       |       |     1 |     7 |     3 ||    11
       Fruit             |       |       |       |       |       |     6 |     2 ||     8
Armor: Animal skin       |     2 |       |       |       |       |       |       ||     2
       Ring mail         |     4 |    31 |   106 |   367 |   397 |   137 |       ||  1042
       Leather armour    |       |       |    27 |    17 |       |       |       ||    44
       Scale mail        |       |       |       |       |       |       |    69 ||    69
       Plate armour      |       |       |       |       |       |       |   152 ||   152
Dodge: Dodged            |    30 |    70 |   343 |  1091 |  1383 |   630 |   756 ||  4303
Block: Other             |       |       |     1 |    34 |       |       |       ||    35
       Buckler           |       |       |       |   393 |   730 |       |       ||  1123
       Reflection        |       |       |       |    29 |    39 |    68 |    38 ||   174
       Shield            |       |       |       |       |   563 |  1114 |   946 ||  2623
